 Dungeon Crawl Stone Soup version 0.31-a0-801-gc67433417a (webtiles) character file.

Game seed: 15751475764453236192

2966 GordonOverkill the Skirmisher (level 9, -15/54 HPs)
             Began as a Deep Elf Delver on Sept 20, 2023.
             Was a Follower of Okawaru.
             Demolished by a two-headed ogre
             ... wielding a +0 giant spiked club
              (18 damage)
             ... on level 8 of the Dungeon.
             The game lasted 00:20:05 (8008 turns).

GordonOverkill the Skirmisher (Deep Elf Delver)     Turns: 8008, Time: 00:20:05

Health: -15/54     AC: 14    Str:  9    XL:     9   Next: 52%
Magic:  16/21      EV: 16    Int: 16    God:    Okawaru [*.....]
Gold:   512        SH:  5    Dex: 20    Spells: 16/22 levels left

rFire   . . .        E - +0 orcbow
rCold   . . .        (shield currently unavailable)
rNeg    + . .        y - +0 swamp dragon scales
rPois   +            z - +0 helmet
rElec   .            (no cloak)
rCorr   .            (no gloves)
SInv    .            r - +2 pair of boots
Will    .....        i - amulet of reflection
Stlth   +++          j - ring of positive energy
HPRegen 0.29/turn    p - +5 ring of evasion
MPRegen 0.17/turn

%: reflection
@: ice-armoured, freezing walls
A: no striking features
a: Renounce Religion, Heroism


You were on level 8 of the Dungeon.
You worshipped Okawaru.
Okawaru was aware of your devotion.
You visited 1 branch of the dungeon, and saw 8 of its levels.

You collected 512 gold pieces.

Inventory:

Hand Weapons
 a - a +0 short sword
 E - a +0 orcbow (weapon)
Missiles
 n - 2 throwing nets
Armour
 r - a +2 pair of boots (worn)
 y - +0 swamp dragon scales (worn)
 z - a +0 helmet (worn)
Jewellery
 i - an amulet of reflection (around neck)
 j - a ring of positive energy (left hand)
 p - a +5 ring of evasion (right hand)
Wands
 d - a wand of roots (3)
 g - a wand of digging (7)
 l - a wand of flame (20)
 x - a wand of polymorph (7)
Scrolls
 c - a scroll of fog
 e - 3 scrolls of noise
 f - a scroll of poison {unknown}
 h - a scroll of silence
 k - 2 scrolls of fear
 m - 3 scrolls of identify
 o - a scroll of torment {unknown}
 q - 4 scrolls of teleportation
 v - a scroll of vulnerability {unknown}
 w - a scroll of blinking {unknown}
Potions
 b - a potion of cancellation
 s - 3 potions of brilliance
 t - 2 potions of heal wounds
 u - a potion of resistance
 A - 7 potions of might
 B - a potion of berserk rage
 C - 2 potions of enlightenment
 D - 2 potions of curing


   Skills:
 - Level 5.0 Fighting
 - Level 2.0 Short Blades
 + Level 11.0 Ranged Weapons
 - Level 2.4 Dodging
 - Level 6.0 Stealth
 - Level 7.0 Spellcasting
 - Level 7.0 Ice Magic
 - Level 2.0 Evocations


You had 16 spell levels left.
You knew the following spells:

 Your Spells              Type           Power      Damage    Failure   Level
a - Frozen Ramparts       Ice            56%        1d9       6%          3
b - Ozocubu's Armour      Ice            28%        N/A       6%          3

Your spell library contained the following spells:

 Spells                   Type           Power      Damage    Failure   Level
 Freeze                   Ice            100%       1d10      1%          1
 Hailstorm                Conj/Ice       16%        3d6       24%         3
 Cigotuvi's Dreadful Rot  Necr/Pois/Air  10%        N/A       45%         2
 Wereblood                Tmut           5%         N/A       45%         2
 Gell's Gravitas          Tloc           5%         N/A       71%         3
 Ignite Poison            Fire/Tmut/Pois 5%         N/A       71%         3
 Teleport Other           Tloc           5%         N/A       71%         3
 Metabolic Englaciation   Hex/Ice        8%         N/A       92%         5
 Freezing Cloud           Conj/Ice/Air   6%         6-21      98%         5
 Irradiate                Conj/Tmut      2%         3d12      100%        5
 Dispersal                Tloc           2%         N/A       100%        6
 Summon Small Mammal      Summ           Unusable   N/A       N/A         1
 Call Canine Familiar     Summ           Unusable   N/A       N/A         3
 Summon Guardian Golem    Hex/Summ       Unusable   N/A       N/A         3
 Animate Dead             Necr           Unusable   N/A       N/A         4
 Simulacrum               Ice/Necr       Unusable   N/A       N/A         6
 Haunt                    Necr/Summ      Unusable   N/A       N/A         7
 Infestation              Necr           Unusable   N/A       N/A         8

Dungeon Overview and Level Annotations

Branches:
Dungeon (8/15)             Temple (0/1) D:6
   Lair: D:8-11

Altars:
Kikubaaqudgha
Okawaru
Ru
Vehumet

Shops:
D:6 (:


Message History

Aim: a two-headed ogre, wielding a +0 giant spiked club and a +0 giant club (heavily wounded, 77% to hit)
You shoot an arrow. The arrow hits the two-headed ogre.
The two-headed ogre is heavily wounded.
Fire: E) +0 orcbow
Press: ? - help, Q - select action, (/) - cycle Shift-Dir - straight line, f/p - two-headed ogre
Aim: a two-headed ogre, wielding a +0 giant spiked club and a +0 giant club (heavily wounded, 77% to hit)
You shoot an arrow.
The arrow barely misses the two-headed ogre.
The wall freezes the two-headed ogre but does no damage.
The two-headed ogre hits you with a +0 giant spiked club.
The two-headed ogre hits you with a +0 giant club!
Fire: E) +0 orcbow
Press: ? - help, Q - select action, (/) - cycle Shift-Dir - straight line, f/p - two-headed ogre
Aim: a two-headed ogre, wielding a +0 giant spiked club and a +0 giant club (heavily wounded, 77% to hit)
You shoot an arrow. The arrow hits the two-headed ogre.
The two-headed ogre is heavily wounded.
The wall freezes the two-headed ogre.
The two-headed ogre completely misses you.
The two-headed ogre hits you with a +0 giant club!
* * * LOW HITPOINT WARNING * * *
Unknown command.
Unknown command.
Unknown command.
Unknown command.
Aiming: Fastroot
Press: ? - help, Shift-Dir - straight line, f/p - two-headed ogre
Aim: a two-headed ogre, wielding a +0 giant spiked club and a +0 giant club (heavily wounded)
The roots erupt in riotous growth!
Roots grab the two-headed ogre.
The grasping roots constrict the two-headed ogre.
Unknown command.
Aiming: Fastroot
Press: ? - help, Shift-Dir - straight line, f - you, p - two-headed ogre The roots erupt in riotous growth!
The two-headed ogre is unaffected.
The grasping roots constrict the two-headed ogre.
The wall freezes the two-headed ogre.
The two-headed ogre hits you with a +0 giant spiked club!!
* * * LOW HITPOINT WARNING * * *
The two-headed ogre hits you with a +0 giant club!!
You die...

### ###
#############.###..
#..................
#......)........#..
#..#########...###.
#######..# ##.## #.
#.......@# ### #.
#.######O# ##. #.#
##.# #.# ##.## #..
#.## ##. ##.## ..
##.# .. ##. ... #.


You could see a two-headed ogre (rooted).

Vanquished Creatures
  Jeremiah (D:7)
  Maggie (D:7)
  Prince Ribbit (D:5)
  A water moccasin (D:7)
  2 orc warriors
  Duvessa (D:7)
  A sky beast (D:5)
  2 centaurs (D:6)
  A phantom (D:7)
  3 bullfrogs
  A gnoll sergeant (D:7)
  A scorpion (D:5)
  7 wights
  Dowan (D:7)
  A howler monkey (D:4)
  3 jellies
  4 hounds
  4 orc priests
  A sleepcap (D:6)
  2 iguanas
  3 orc wizards
  Robin (D:3)
  7 adders
  12 gnolls
  A shadow imp (D:6)
  2 worms (D:2)
  A dart slug (D:4)
  14 orcs
  5 bats
  9 endoplasms
  3 giant cockroaches
  13 goblins
  8 hobgoblins
  4 jackals (D:1)
  4 quokkas
  3 ball pythons
  A frilled lizard (D:1)
  A kobold (D:6)
  5 rats
136 creatures vanquished.

Notes
Turn   | Place    | Note
-------+----------+-------------------------------------------
     0 | D:5      | GordonOverkill the Deep Elf Delver began the quest for the
                  | Orb.
     0 | D:5      | Reached XP level 1. HP: 13/13 MP: 3/3
    28 | D:6      | Noticed a centaur
    57 | D:5      | Noticed a scorpion
   110 | D:4      | Reached skill level 1 in Ranged Weapons
   110 | D:4      | Reached XP level 2. HP: 18/18 MP: 4/4
   439 | D:2      | Reached skill level 2 in Ranged Weapons
   672 | D:1      | Reached XP level 3. HP: 23/23 MP: 5/5
   823 | D:1      | Reached skill level 3 in Ranged Weapons
  1820 | D:2      | Reached skill level 4 in Ranged Weapons
  1966 | D:2      | Reached XP level 4. HP: 28/28 MP: 6/6
  2598 | D:3      | Noticed Robin
  2620 | D:3      | Killed Robin
  2999 | D:4      | Reached skill level 5 in Ranged Weapons
  3051 | D:4      | Reached skill level 1 in Evocations
  3051 | D:4      | Reached XP level 5. HP: 32/32 MP: 7/7
  3211 | D:4      | Reached skill level 6 in Ranged Weapons
  3415 | D:4      | Reached XP level 6. HP: 28/37 MP: 8/8
  3865 | D:4      | Learned a level 3 spell: Frozen Ramparts
  3925 | D:5      | Noticed Prince Ribbit
  3954 | D:5      | Killed Prince Ribbit
  3955 | D:5      | Reached skill level 8 in Ranged Weapons
  3955 | D:5      | Reached skill level 1 in Spellcasting
  3955 | D:5      | Reached skill level 1 in Ice Magic
  4131 | D:5      | Reached XP level 7. HP: 41/41 MP: 10/12
  4180 | D:5      | Noticed a steam dragon
  4187 | D:5      | a steam dragon changed into a sky beast
  4596 | D:6      | Reached skill level 5 in Spellcasting
  4620 | D:6      | Found an iron altar of Okawaru.
  4620 | D:6      | Found a sacrificial altar of Ru.
  4639 | D:6      | Became a worshipper of Warmaster Okawaru
  4815 | D:6      | Found Wotaliry's Weapon Shop.
  4827 | D:6      | Reached skill level 9 in Ranged Weapons
  5089 | D:6      | Reached * piety under Okawaru
  5090 | D:6      | Reached XP level 8. HP: 38/46 MP: 17/17
  5121 | D:6      | Found a radiant altar of Vehumet.
  5320 | D:6      | Found Xomyor's Self-Improvement Boutique.
  5346 | D:6      | Reached skill level 10 in Ranged Weapons
  5864 | D:6      | Found a staircase to the Ecumenical Temple.
  6280 | D:7      | Noticed Duvessa
  6280 | D:7      | Noticed Dowan
  6607 | D:7      | Found an ancient bone altar of Kikubaaqudgha.
  6666 | D:7      | Reached skill level 5 in Fighting
  6731 | D:7      | Noticed Jeremiah
  6862 | D:7      | Reached skill level 5 in Ice Magic
  6904 | D:7      | Noticed Maggie
  6919 | D:7      | Killed Maggie
  6920 | D:7      | Reached XP level 9. HP: 31/54 MP: 16/20
  7020 | D:7      | Killed Jeremiah
  7177 | D:7      | Killed Duvessa
  7179 | D:7      | Killed Dowan
  7856 | D:8      | Learned a level 3 spell: Ozocubu's Armour
  7911 | D:8      | Noticed a cyclops
  7936 | D:8      | Reached skill level 11 in Ranged Weapons
  7996 | D:8      | Noticed a two-headed ogre
  8008 | D:8      | Demolished by a two-headed ogre

Illustrated notes

Levels and vault maps discovered:
D:1:      minmay_arrival_glassed_features, layout_basic, minmay_misc_feat_x
D:2:      minmay_general_purpose_star, layout_basic, corexii_hall_statues_l
D:3:      layout_basic, kennysheep_generic_room_8, uniq_robin
D:4:      layout_loops_corners, nicolae_ossuary_entry_ruins
D:5:      layout_rooms, uniq_prince_ribbit1
D:6:      layout_cave_pods, chequers_temple_overflow_statue_of_worship,
          vehumet_altar_wand_db, minmay_temple_entry_fiery, serial_shops,
          nicolae_stop_n_shop_1, kb_lookout_dungeons_type,
          nicolae_shop_self_help
D:7:      layout_cave_pools, lemuel_coloured_pillars_altar, enter_bailey_2,
          uniq_duvessa, uniq_jeremiah, uniq_maggie
D:8:      gammafunk_the_bubble [the_bubble_gammafunk_plus_minus],
          layout_loops_ring, gammafunk_temple_overflow_claw

Skill      XL: |  1  2  3  4  5  6  7  8  9 |
---------------+----------------------------+-----
Ranged Weapons | 1 2 4 5 6 8 9 10 11 | 11.0
Fighting       | 3 5 |  5.0
Evocations     | 1 2 |  2.0
Spellcasting   | 2 5 6 7 |  7.0
Ice Magic      | 1 3 6 7 |  7.0
Short Blades   | |  2.0
Dodging        | |  2.4
Stealth        | |  6.0

Action                     |  1- 3 |  4- 6 |  7- 9 || total
---------------------------+-------+-------+-------++-------
   Fire: Sling             |   144 |   117 |    26 ||   287
         Orcbow            |       |       |   287 ||   287
   Cast: Frozen Ramparts   |       |       |    10 ||    10
         Ozocubu's Armour  |       |       |     2 ||     2
 Invoke: Heroism           |       |       |     8 ||     8
  Evoke: Wand              |     1 |       |     4 ||     5
    Use: Potion            |     1 |     1 |     2 ||     4
         Scroll            |     3 |     5 |    10 ||    18
 Armour: Leather armour    |    15 |       |       ||    15
         Ring mail         |    25 |    16 |    72 ||   113
         Skin              |       |    14 |       ||    14
         Swamp dragon scal |       |       |    13 ||    13
  Dodge: Dodged            |    74 |    38 |    90 ||   202
  Block: Other             |    23 |    12 |    35 ||    70
         Reflection        |       |       |     3 ||     3

Table legend: (Time is in decaauts)
 A = Elapsed time spent in this place.
 B = Non-inter-level travel time spent in this place.
 C = Inter-level travel time spent in this place.
 D = Time resting spent in this place.
 E = Time spent auto-exploring this place.
 F = Levels seen in this place.
 G = Mean time per level.
                   A        B        C        D        E       F      G
               +--------+--------+--------+--------+--------+-----+--------+
         Total |   8170 |   7758 |    412 |   1746 |   4230 |   8 | 1021.2 |
       Dungeon |   8170 |   7758 |    412 |   1746 |   4230 |   8 | 1021.2 |
               +--------+--------+--------+--------+--------+-----+--------+

Top non-repeatable levels by time:
     D:6: 1482 daAuts
     D:7: 1344 daAuts
     D:5: 1158 daAuts
     D:2: 1045 daAuts
     D:4: 1011 daAuts
     D:3: 984 daAuts
     D:1: 869 daAuts
     D:8: 274 daAuts
